 Dungeon Crawl Stone Soup version 0.31-a0-354-g827e095 (webtiles) character file.

Game seed: 15043186680199612514

3764 Dawnplanks the Cleaver (level 10, -6/86 HPs)
             Began as a Hill Orc Fighter on July 23, 2023.
             Was a Believer of Okawaru.
             Mangled by an orc warrior
             ... wielding a +0 glaive
              (13 damage)
             ... in a bailey.
             The game lasted 00:13:50 (5726 turns).

Dawnplanks the Cleaver (Hill Orc Fighter)           Turns: 5726, Time: 00:13:50

Health: -6/86      AC: 15    Str: 24    XL:     10   Next: 15%
Magic:  14/14      EV: 12    Int:  8    God:    Okawaru [**....]
Gold:   307        SH:  0    Dex: 10    Spells: 9/9 levels left

rFire   . . .        a - +0 war axe
rCold   + . .        c - +0 buckler
rNeg    . . .        b - +0 scale mail
rPois   +            h - +1 helmet
rElec   .            (no cloak)
rCorr   .            y - +0 pair of gloves
SInv    .            t - +0 pair of boots
Will    .....        l - amulet of regeneration Stlth
                     m - ring of protection from cold
HPRegen 1.14/turn    D - ring of poison resistance
MPRegen 0.14/turn

%: no passive effects
@: confused, heroic, ambrosia-drunk
A: no striking features
a: Renounce Religion, Heroism


You were in a bailey.
You worshipped Okawaru.
Okawaru was pleased with you.
You visited 2 branches of the dungeon, and saw 8 of its levels.
You also visited: Bailey.

You collected 335 gold pieces.
You spent 28 gold pieces at shops.

Inventory:

Hand Weapons
 a - a +0 war axe (weapon)
Missiles
 w - 2 boomerangs (quivered)
Armour
 b - a +0 scale mail (worn)
 c - a +0 buckler (worn)
 h - a +1 helmet (worn)
 t - a +0 pair of boots (worn)
 y - a +0 pair of gloves (worn)
Jewellery
 l - an amulet of regeneration (around neck)
 m - a ring of protection from cold (left hand)
 B - an amulet of guardian spirit
 D - a ring of poison resistance (right hand)
Wands
 x - a wand of flame (46)
 E - a wand of mindburst (6)
Scrolls
 e - 3 scrolls of enchant armour
 g - 5 scrolls of blinking {unknown}
 j - a scroll of silence {unknown}
 k - 2 scrolls of noise {unknown}
 o - 3 scrolls of poison {unknown}
 q - a scroll of brand weapon {unknown}
 r - a scroll of summoning {unknown}
 C - a scroll of enchant weapon {unknown}
Potions
 d - 4 potions of might
 f - 2 potions of degeneration
 i - 3 potions of attraction
 p - a potion of berserk rage {unknown}
 s - a potion of haste {unknown}
 v - a potion of enlightenment {unknown}
 z - a potion of ambrosia
 A - a potion of mutation {unknown}


   Skills:
 + Level 7.6(12.6) Fighting
 + Level 12.0(17.0) Axes
 + Level 1.7(6.7) Throwing
 + Level 7.6(12.6) Armour
 + Level 2.3(7.3) Dodging
 - Level 0.2(5.2) Stealth
 + Level 5.1(10.1) Shields
 * Level 6.1 Invocations


You had 9 spell levels left.
You didn't know any spells.
Your spell library contained the following spells:

 Spells                   Type           Power      Damage    Failure   Level
 Apportation              Tloc           0%         N/A       69%         1
 Sandblast                Erth           0%         2d4       69%         1
 Passwall                 Tmut/Erth      0%         N/A       83%         2
 Hailstorm                Conj/Ice       0%         3d3       96%         3
 Stone Arrow              Conj/Erth      0%         3d7       96%         3
 Alistair's Intoxication  Tmut/Pois      0%         N/A       100%        5
 Summon Ice Beast         Ice/Summ       Unusable   N/A       N/A         4
 Simulacrum               Ice/Necr       Unusable   N/A       N/A         6

Dungeon Overview and Level Annotations

Branches:
Dungeon (7/15)             Temple (1/1) D:6          Bailey (1/1)

Altars:
Ashenzari
Cheibriados
Dithmenos
Elyvilon
Gozag
Hepliaklqana
Kikubaaqudgha
Nemelex Xobeh
Okawaru
Qazlal
Sif Muna
Trog
Uskayaw
Vehumet
Wu Jian
Xom
Yredelemnul
The Shining One

Shops:
D:7 *

Annotations:
D:6 2 transporters, iruleme's ghost, novice DgIE


Message History

The orc knight hits you with a +0 halberd!
You are too injured to fight recklessly!
You slash the orc knight!
The orc knight is moderately wounded.
You hit the orc warrior but do no damage.
You hit the orc but do no damage. The orc hits you with a +0 halberd!
You block the orc warrior's attack.
The orc knight hits you with a +0 halberd!
* * * LOW HITPOINT WARNING * * *
You slash the orc knight!
The orc knight is heavily wounded.
You hit the orc warrior but do no damage.
You slash the orc!
You kill the orc!
Okawaru accepts your kill.
You slash the orc knight!
The orc knight is heavily wounded.
You barely miss the orc warrior.
The orc warrior hits you with a +0 glaive!
* * * LOW HITPOINT WARNING * * *
The orc knight hits you with a +0 halberd.
* * * LOW HITPOINT WARNING * * *
You feel much better.
The orc warrior hits you with a +0 glaive!
* * * LOW HITPOINT WARNING * * *
You block the orc knight's attack.
You feel much better.
The orc warrior hits you with a +0 glaive!!
* * * LOW HITPOINT WARNING * * *
The orc knight closely misses you.
You are confused.
You feel invigorated.
The orc warrior hits you with a +0 glaive!!
* * * LOW HITPOINT WARNING * * *
The orc knight completely misses you.
You closely miss the orc knight.
The orc knight is heavily wounded.
You hit the orc warrior but do no damage.
The orc warrior hits you with a +0 glaive!
You die...

...≈≈.≈≈≈...#########...≈≈≈.≈≈...
...........##.......##...........
..........##..#'#'#..##..........
..........#..##)#)##..#..........
.........##.#########.##.........
.........##.')#).:#)'.##.........
.........##.###.8.###.##.........
.........##.')#)oo#.'.##.........
.........##.####@####.##.........
.........##..##∩.∩##..#..........
.............##'''#..##..........
.............##.....##...........
...≈≈.≈≈≈....##....##...≈≈≈.≈≈...
..≈≈#)##≈....#######....≈##.#≈≈..
..≈##)∩#≈...............≈#∩.##≈..
..≈#.)...................))..#≈..
..≈##.##≈...............≈##.##≈..


You could see an orc knight and an orc warrior (strong).

Vanquished Creatures
  A wyvern (D:7)
  Eustachio (D:6)
  An ice beast (D:6)
  7 orc warriors (Bailey)
  3 sky beasts (D:7)
  2 black bears (D:6)
  3 ogres
  3 centaurs
  2 phantoms
  4 scorpions
  4 wights (D:5)
  6 killer bees (D:7)
  2 howler monkeys (D:6)
  2 hounds
  2 jellies
  An orc priest (D:7)
  An iron imp (D:7)
  A sleepcap (D:5)
  4 iguanas
  8 orc wizards
  4 gnolls (D:4)
  13 adders
  A shadow imp (D:5)
  A white imp (D:7)
  An ufetubus (D:6)
  4 worms
  A dart slug (D:4)
  35 orcs
  9 ball pythons
  8 endoplasms
  6 giant cockroaches
  18 goblins
  6 hobgoblins
  7 jackals
  2 quokkas
  A bat (D:1)
  6 frilled lizards
  10 kobolds
  7 rats
198 creatures vanquished.

Notes
Turn   | Place    | Note
-------+----------+-------------------------------------------
     0 | D:1      | Dawnplanks the Hill Orc Fighter began the quest for the
                  | Orb.
     0 | D:1      | Reached XP level 1. HP: 19/19 MP: 1/1
   125 | D:1      | Reached XP level 2. HP: 27/27 MP: 2/2
   281 | D:1      | Reached skill level 3 in Axes
   537 | D:2      | Reached XP level 3. HP: 32/33 MP: 3/3
   762 | D:2      | Reached XP level 4. HP: 30/40 MP: 4/4
   816 | D:2      | Found a faded altar of an unknown god.
   845 | D:2      | Reached skill level 4 in Axes
  1561 | D:3      | Reached XP level 5. HP: 46/46 MP: 5/5
  2155 | D:4      | Reached skill level 5 in Axes
  2193 | D:4      | Reached XP level 6. HP: 27/53 MP: 6/6
  2277 | D:4      | Reached skill level 1 in Dodging
  2473 | D:4      | Reached skill level 6 in Axes
  2817 | D:4      | Reached skill level 5 in Armour
  2820 | D:4      | Reached skill level 5 in Fighting
  3114 | D:5      | Entered Level 5 of the Dungeon
  3128 | D:5      | Reached XP level 7. HP: 61/61 MP: 7/7
  3175 | D:5      | Reached skill level 7 in Axes
  3703 | D:5      | Reached skill level 8 in Axes
  3703 | D:5      | Reached XP level 8. HP: 69/70 MP: 8/8
  3843 | D:6      | Found a transporter.
  3852 | D:6      | Reached skill level 9 in Axes
  3866 | D:6      | Noticed iruleme's ghost (novice DgIE)
  3905 | D:6      | Found a transporter.
  3918 | D:6      | Found a staircase to the Ecumenical Temple.
  3926 | Temple   | Entered the Ecumenical Temple
  3935 | Temple   | Became a worshipper of Warmaster Okawaru
  4058 | D:6      | Reached skill level 1 in Invocations
  4097 | D:6      | Reached skill level 1 in Throwing
  4135 | D:6      | Found an opulent altar of Gozag.
  4135 | D:6      | Found a sparkling altar of Nemelex Xobeh.
  4320 | D:6      | Reached XP level 9. HP: 78/78 MP: 11/11
  4417 | D:6      | Reached * piety under Okawaru
  4418 | D:6      | Reached skill level 10 in Axes
  4494 | D:6      | Noticed Eustachio
  4502 | D:6      | Killed Eustachio
  4530 | D:6      | Found a basalt altar of Yredelemnul.
  5057 | D:7      | Found a snail-covered altar of Cheibriados.
  5193 | D:7      | Reached skill level 5 in Invocations
  5288 | D:7      | Reached ** piety under Okawaru
  5289 | D:7      | Reached skill level 11 in Axes
  5294 | D:7      | Found Rnwy's Retail Resort.
  5309 | D:7      | Bought a scroll of identify for 28 gold pieces
  5405 | D:7      | Found a flagged portal.
  5428 | Bailey   | Entered a bailey
  5522 | Bailey   | Reached skill level 5 in Shields
  5522 | Bailey   | Reached XP level 10. HP: 84/86 MP: 14/14
  5703 | Bailey   | Reached skill level 12 in Axes
  5715 | Bailey   | Noticed an orc knight
  5725 | Bailey   | HP: 4/86 [orc warrior/+0 glaive (22)]
  5726 | Bailey   | Mangled by an orc warrior

Illustrated notes

Levels and vault maps discovered:
D:1:      minmay_arrival_diagonal_passages, layout_rooms
D:2:      layout_loops_ring, chequers_ecumenical_altar_grove, serial_rivers,
          chequers_serial_rivers_small_a, chequers_serial_rivers_small_3,
          chequers_serial_rivers_small_b, chequers_serial_rivers_room_b,
          chequers_serial_rivers_marsh
D:3:      layout_loops_ring
D:4:      wad_crossroads, layout_loops_corners, kennysheep_boxes
D:5:      layout_loops_ring
D:6:      layout_loops_corners, grunt_temple_overflow_opulence,
          kennysheep_mini_moat, temple_statues, gammafunk_ghost_stat_death,
          st_stairs_2, uniq_eustachio
D:7:      layout_gridville, slow_altar_1, jmf_multi_god_temple, enter_bailey_5,
          nicolae_alphabet_shops
Temple:   eino_temple_lava
Bailey:   bailey_polearm_2, bailey

Skill      XL: |  1  2  3  4  5  6  7  8  9 10 |
---------------+-------------------------------+-----
Fighting       | 4 5 6 7 |  7.6
Axes           | 3 4 5 6 8 9 11 12 | 12.0
Armour         | 4 5 6 7 |  7.6
Shields        | 4 5 |  5.1
Dodging        | 1 2 |  2.3
Invocations    | 2 5 6 |  6.1
Throwing       | 1 |  1.7
Stealth        | |  0.2

Action                     |  1- 3 |  4- 6 |  7- 9 | 10-12 || total
---------------------------+-------+-------+-------+-------++-------
  Melee: War axe           |   108 |   203 |   370 |    50 ||   731
  Throw: Boomerang         |       |     3 |    24 |       ||    27
 Invoke: Heroism           |       |       |     2 |     1 ||     3
  Evoke: Wand              |       |       |     3 |       ||     3
    Use: Scroll            |       |       |     4 |       ||     4
         Potion            |       |       |       |     3 ||     3
 Armour: Scale mail        |    67 |    76 |   195 |    17 ||   355
  Dodge: Dodged            |    41 |    75 |   150 |    16 ||   282
  Block: Buckler           |    28 |    48 |    65 |    18 ||   159

Table legend: (Time is in decaauts)
 A = Elapsed time spent in this place.
 B = Non-inter-level travel time spent in this place.
 C = Inter-level travel time spent in this place.
 D = Time resting spent in this place.
 E = Time spent auto-exploring this place.
 F = Levels seen in this place.
 G = Mean time per level.
                   A        B        C        D        E       F      G
               +--------+--------+--------+--------+--------+-----+--------+
         Total |   5852 |   5526 |    326 |     57 |   4034 |   9 |  650.2 |
       Dungeon |   5542 |   5232 |    310 |     57 |   3893 |   7 |  791.7 |
        Temple |     18 |      2 |     16 |      0 |      0 |   1 |   18.0 |
        Bailey |    292 |    292 |      0 |      0 |    141 |   1 |  292.0 |
               +--------+--------+--------+--------+--------+-----+--------+

Top non-repeatable levels by time:
     D:2: 1127 daAuts
     D:6: 1048 daAuts
     D:4: 1005 daAuts
     D:5: 720 daAuts
     D:3: 598 daAuts
     D:7: 550 daAuts
     D:1: 491 daAuts
  Bailey: 292 daAuts
  Temple: 18 daAuts
